TOP OF THE 1ST |
Reading Phillies batting - Pitching for Pittsfield Colonials : LHP James Rooney
|
Pitching: LHP James Rooney
|
|
Batting: LHB George Johnson
|
0-0: Ball 1-0: Called Strike 1-1: Swinging Strike 1-2: Strikes out swinging
|
Batting: RHB Mark Sproesser
|
0-0: Swinging Strike 0-1: Swinging Strike 0-2: Ball 1-2: Foul Ball, location: 2F 1-2: Foul Ball, location: 2F 1-2: Ball 2-2: Strikes out swinging
|
Batting: LHB Martino Martin
|
0-0: Ball 1-0: Ball 2-0: Ground out 4-3 (Groundball, 4M, EV 105.0 MPH)
|
Top of the 1st over - 0 runs, 0 hits, 0 errors, 0 left on base; Reading 0 - Pittsfield 0 |
BOTTOM OF THE 1ST |
Pittsfield Colonials batting - Pitching for Reading Phillies : LHP John Cerutti
|
Pitching: LHP John Cerutti
|
|
Batting: SHB Steve Scafa
|
0-0: Called Strike 0-1: Foul Ball, location: 2F 0-2: Ball 1-2: Ball 2-2: Foul Ball, location: 2F 2-2: Fly out, F9 (Flyball, 9D, EV 96.3 MPH)
|
Batting: RHB Mike Brewer
|
0-0: Ball 1-0: Called Strike 1-1: Ball 2-1: Ground out 6-3 (Groundball, 6, EV 104.4 MPH)
|
Batting: LHB Terry Francona
|
0-0: Called Strike 0-1: Called Strike 0-2: Ball 1-2: Foul Ball, location: 2F 1-2: Fly out, F6 (Line Drive, 6, EV 70.0 MPH)
|
Bottom of the 1st over - 0 runs, 0 hits, 0 errors, 0 left on base; Reading 0 - Pittsfield 0 |
TOP OF THE 2ND |
Reading Phillies batting - Pitching for Pittsfield Colonials : LHP James Rooney
|
Batting: RHB Ricardo Rivera
|
0-0: Ground out 6-3 (Groundball, 6, EV 90.0 MPH)
|
Batting: LHB Pedro Rabassa
|
0-0: Ball 1-0: Called Strike 1-1: SINGLE (Groundball, 4S, EV 66.9 MPH) (infield hit)
|
Batting: SHB Doug Baker
|
0-0: Ball 1-0: Ball 2-0: Foul Ball, location: 2F 2-1: Ball 3-1: Foul Ball, location: 2F 3-2: Strikes out swinging
|
Batting: RHB Paul Wirkus
|
0-0: Called Strike 0-1: Fly out, F8 (Flyball, 8RXD, EV 83.1 MPH)
|
Top of the 2nd over - 0 runs, 1 hit, 0 errors, 1 left on base; Reading 0 - Pittsfield 0 |
BOTTOM OF THE 2ND |
Pittsfield Colonials batting - Pitching for Reading Phillies : LHP John Cerutti
|
Batting: RHB Shawon Dunston
|
0-0: Ball 1-0: Called Strike 1-1: Called Strike 1-2: Strikes out swinging
|
Batting: RHB Steven Ramler
|
0-0: Foul Ball, location: 2F 0-1: Ball 1-1: Foul Ball, location: 2F 1-2: Ball 2-2: Strikes out swinging
|
Batting: SHB Felipe Gracia
|
0-0: Ball 1-0: Swinging Strike 1-1: Ball 2-1: Called Strike 2-2: Foul Ball, location: 2F 2-2: Foul Ball, location: 2F 2-2: Ball 3-2: Foul Ball, location: 2F 3-2: Reached on error, E7 (Flyball, 7S, EV 81.3 MPH)
|
Batting: LHB Armando Ortiz
|
0-0: Ball 1-0: Ball 2-0: Foul Ball, location: 2F 2-1: Foul Ball, location: 2F 2-2: Ball 3-2: Base on Balls
|
Batting: SHB David Enos
|
0-0: Ball 1-0: Foul Ball, location: 2F 1-1: Ball 2-1: Ball 3-1: Base on Balls Felipe Gracia to third Armando Ortiz to second
|
Batting: SHB Allan Wilkerson
|
0-0: Called Strike 0-1: SINGLE (Groundball, 6MD, EV 103.1 MPH) Felipe Gracia scores Armando Ortiz to third David Enos to second Runner from 3rd tries for Home, SAFE, throw by CF to home
|
Batting: SHB Steve Scafa
|
0-0: Foul Ball, location: 2F 0-1: Ball 1-1: Foul Ball, location: 2F 1-2: Foul Ball, location: 2F 1-2: Ground out 4-3 (Groundball, 4, EV 90.0 MPH)
|
Bottom of the 2nd over - 2 runs, 1 hit, 1 error, 2 left on base; Reading 0 - Pittsfield 2 |
TOP OF THE 3RD |
Reading Phillies batting - Pitching for Pittsfield Colonials : LHP James Rooney
|
Batting: RHB Greg Dahl
|
0-0: Fly out, F9 (Flyball, 89S, EV 86.3 MPH)
|
Batting: LHB Alex Mata
|
0-0: Foul Ball, location: 2F 0-1: SINGLE (Popup, 4D, EV 50.6 MPH)
|
Batting: LHB George Johnson
|
0-0: Ball 1-0: Called Strike 1-1: Ball 2-1: Grounds out, U3 (Groundball, 3L, EV 87.5 MPH)
|
Batting: RHB Mark Sproesser
|
0-0: Called Strike 0-1: Ground out 1-3 (Groundball, 34S, EV 68.8 MPH)
|
Top of the 3rd over - 0 runs, 1 hit, 0 errors, 1 left on base; Reading 0 - Pittsfield 2 |
BOTTOM OF THE 3RD |
Pittsfield Colonials batting - Pitching for Reading Phillies : LHP John Cerutti
|
Batting: RHB Mike Brewer
|
0-0: Called Strike 0-1: Ball 1-1: Foul Ball, location: 2F 1-2: Strikes out looking
|
Batting: LHB Terry Francona
|
0-0: Ball 1-0: Foul Ball, location: 2F 1-1: Ball 2-1: SINGLE (Line Drive, 8RS, EV 101.9 MPH)
|
Batting: RHB Shawon Dunston
|
0-0: Fly out, F9 (Flyball, 9LD, EV 88.8 MPH)
|
Batting: RHB Steven Ramler
|
0-0: Called Strike 0-1: Ball 1-1: Fielders Choice at 2nd, 6-4 (Groundball, 6, EV 78.1 MPH)
|
Bottom of the 3rd over - 0 runs, 1 hit, 0 errors, 1 left on base; Reading 0 - Pittsfield 2 |
TOP OF THE 4TH |
Reading Phillies batting - Pitching for Pittsfield Colonials : LHP James Rooney
|
Batting: LHB Martino Martin
|
0-0: Swinging Strike 0-1: Ball 1-1: Called Strike 1-2: SINGLE (Line Drive, 78M, EV 102.5 MPH)
|
Batting: RHB Ricardo Rivera
|
0-0: Called Strike Martino Martin steals 2nd base 0-1: Ball 1-1: SINGLE (Line Drive, 7S, EV 92.5 MPH) Martino Martin to third
|
Batting: LHB Pedro Rabassa
|
0-0: Called Strike 0-1: Called Strike 0-2: Ball 1-2: Ball 2-2: Strikes out swinging
|
Batting: SHB Doug Baker
|
0-0: Ball 1-0: Called Strike 1-1: Called Strike 1-2: Ball 2-2: Ball 3-2: Fly out, F9 (Flyball, 9S, EV 81.9 MPH)
|
Batting: RHB Paul Wirkus
|
0-0: Fly out, F9 (Flyball, 9, EV 80.0 MPH)
|
Top of the 4th over - 0 runs, 2 hits, 0 errors, 2 left on base; Reading 0 - Pittsfield 2 |
BOTTOM OF THE 4TH |
Pittsfield Colonials batting - Pitching for Reading Phillies : LHP John Cerutti
|
Batting: SHB Felipe Gracia
|
0-0: Called Strike 0-1: SINGLE (Line Drive, 89S, EV 100.0 MPH)
|
Batting: LHB Armando Ortiz
|
0-0: Ball 1-0: Fly out, F9 (Flyball, 9D, EV 104.4 MPH)
|
Batting: SHB David Enos
|
0-0: Foul Ball, location: 2F Pickoff Throw to First - Out! 1-3 0-1: Ball 1-1: Ball 2-1: Foul Ball, location: 2F 2-2: Strikes out swinging
|
Bottom of the 4th over - 0 runs, 1 hit, 0 errors, 0 left on base; Reading 0 - Pittsfield 2 |
TOP OF THE 5TH |
Reading Phillies batting - Pitching for Pittsfield Colonials : LHP James Rooney
|
Batting: RHB Greg Dahl
|
0-0: Ball 1-0: Ball 2-0: Called Strike 2-1: Foul Ball, location: 2F 2-2: Ground out 6-3 (Groundball, 6, EV 91.3 MPH)
|
Batting: LHB Alex Mata
|
0-0: Ball 1-0: Swinging Strike 1-1: Ball 2-1: Ball 3-1: Swinging Strike 3-2: Foul Ball, location: 2F 3-2: Strikes out swinging
|
Batting: LHB George Johnson
|
0-0: Ball 1-0: Ground out 4-3 (Groundball, 4D, EV 103.8 MPH)
|
Top of the 5th over - 0 runs, 0 hits, 0 errors, 0 left on base; Reading 0 - Pittsfield 2 |
BOTTOM OF THE 5TH |
Pittsfield Colonials batting - Pitching for Reading Phillies : LHP John Cerutti
|
Batting: SHB Allan Wilkerson
|
0-0: Ball 1-0: Ball 2-0: Ball 3-0: Base on Balls
|
Batting: SHB Steve Scafa
|
0-0: Bunted foul 0-1: Ball 1-1: Ball 2-1: Bunted foul 2-2: Ball 3-2: Foul Ball, location: 2F 3-2: Base on Balls Allan Wilkerson to second
|
Batting: RHB Mike Brewer
|
0-0: Called Strike Allan Wilkerson steals 3rd base Steve Scafa to second 0-1: Swinging Strike 0-2: Ball 1-2: Strikes out swinging
|
Batting: LHB Terry Francona
|
0-0: Called Strike 0-1: Called Strike 0-2: Ball 1-2: Ground out 1-3 (Groundball, 34S, EV 67.5 MPH)
|
Batting: RHB Shawon Dunston
|
0-0: Single, Error in OF, E8, batter to second base (Groundball, 6MD, EV 104.4 MPH) Allan Wilkerson scores Steve Scafa scores
|
Batting: RHB Steven Ramler
|
0-0: Foul Ball, location: 2F 0-1: Ball 1-1: Ball 2-1: Fly out, F6 (Popup, 4MD, EV 55.0 MPH)
|
Bottom of the 5th over - 2 runs, 1 hit, 1 error, 1 left on base; Reading 0 - Pittsfield 4 |
TOP OF THE 6TH |
Reading Phillies batting - Pitching for Pittsfield Colonials : LHP James Rooney
|
Batting: RHB Mark Sproesser
|
0-0: Ball 1-0: Foul Ball, location: 2F 1-1: Ground out 5-3 (Groundball, 56, EV 88.1 MPH)
|
Batting: LHB Martino Martin
|
0-0: Called Strike 0-1: Foul Ball, location: 2F 0-2: Ball 1-2: Ball 2-2: Fly out, F8 (Flyball, 89D, EV 98.8 MPH)
|
Batting: RHB Ricardo Rivera
|
0-0: Ball 1-0: SINGLE (Line Drive, 9S, EV 95.0 MPH)
|
Batting: LHB Pedro Rabassa
|
0-0: Ball 1-0: Foul Ball, location: 2F 1-1: Fly out, F8 (Line Drive, 8RM, EV 92.5 MPH)
|
Top of the 6th over - 0 runs, 1 hit, 0 errors, 1 left on base; Reading 0 - Pittsfield 4 |
BOTTOM OF THE 6TH |
Pittsfield Colonials batting - Pitching for Reading Phillies : LHP John Cerutti
|
Batting: SHB Felipe Gracia
|
0-0: Foul Ball, location: 2F 0-1: Called Strike 0-2: Ball 1-2: Foul Ball, location: 2F 1-2: Foul Ball, location: 2F 1-2: Ball 2-2: Foul Ball, location: 2F 2-2: Foul Ball, location: 2F 2-2: Fly out, F9 (Line Drive, 9, EV 93.1 MPH)
|
Batting: LHB Armando Ortiz
|
0-0: Ball 1-0: Fly out, F7 (Flyball, 7D, EV 98.1 MPH)
|
Batting: SHB David Enos
|
0-0: Ball 1-0: Ball 2-0: Called Strike 2-1: Foul Ball, location: 2F 2-2: Strikes out swinging
|
Bottom of the 6th over - 0 runs, 0 hits, 0 errors, 0 left on base; Reading 0 - Pittsfield 4 |
TOP OF THE 7TH |
Reading Phillies batting - Pitching for Pittsfield Colonials : LHP James Rooney
|
Batting: SHB Doug Baker
|
0-0: Called Strike 0-1: Ground out 4-3 (Groundball, 4MS, EV 75.6 MPH)
|
Batting: RHB Paul Wirkus
|
0-0: Called Strike 0-1: Called Strike 0-2: Fly out, F9 (Flyball, 89XD, EV 95.0 MPH)
|
Batting: RHB Greg Dahl
|
0-0: Ball 1-0: Fly out, F9 (Flyball, 89M, EV 83.1 MPH)
|
Top of the 7th over - 0 runs, 0 hits, 0 errors, 0 left on base; Reading 0 - Pittsfield 4 |
BOTTOM OF THE 7TH |
Pittsfield Colonials batting - Pitching for Reading Phillies : LHP John Cerutti
|
Batting: SHB Allan Wilkerson
|
0-0: Called Strike 0-1: Ball 1-1: Foul Ball, location: 2F 1-2: Strikes out swinging
|
Batting: SHB Steve Scafa
|
0-0: Ground out 6-3 (Groundball, 6, EV 81.3 MPH)
|
Batting: RHB Mike Brewer
|
0-0: Called Strike 0-1: Ball 1-1: Ball 2-1: Ball 3-1: Base on Balls
|
Batting: LHB Terry Francona
|
0-0: Ball Mike Brewer is caught stealing 2nd base 2-6
|
Bottom of the 7th over - 0 runs, 0 hits, 0 errors, 0 left on base; Reading 0 - Pittsfield 4 |
TOP OF THE 8TH |
Reading Phillies batting - Pitching for Pittsfield Colonials : LHP James Rooney
|
Batting: LHB Alex Mata
|
0-0: Called Strike 0-1: Foul Ball, location: 2F 0-2: Foul Ball, location: 2F 0-2: Ground out 1-3 (Groundball, 34S, EV 61.3 MPH)
|
Batting: LHB George Johnson
|
0-0: Ball 1-0: Foul Ball, location: 2F 1-1: Swinging Strike 1-2: Foul Ball, location: 2F 1-2: Foul Ball, location: 2F 1-2: Ball 2-2: Strikes out looking
|
Batting: RHB Mark Sproesser
|
0-0: Foul Ball, location: 2F 0-1: Foul Ball, location: 2F 0-2: Ball 1-2: SINGLE (Groundball, 5D, EV 103.8 MPH)
|
Batting: LHB Martino Martin
|
0-0: Ground out 4-3 (Groundball, 4, EV 111.3 MPH)
|
Top of the 8th over - 0 runs, 1 hit, 0 errors, 1 left on base; Reading 0 - Pittsfield 4 |
BOTTOM OF THE 8TH |
Pittsfield Colonials batting - Pitching for Reading Phillies : LHP John Cerutti
|
Batting: LHB Terry Francona
|
0-0: Ball 1-0: Fly out, F6 (Line Drive, 6, EV 63.1 MPH)
|
Batting: RHB Shawon Dunston
|
0-0: Foul Ball, location: 2F 0-1: Ground out 6-3 (Groundball, 6, EV 77.5 MPH)
|
Batting: RHB Steven Ramler
|
0-0: Ball 1-0: Ground out 3-1 (Groundball, 34S, EV 71.3 MPH)
|
Bottom of the 8th over - 0 runs, 0 hits, 0 errors, 0 left on base; Reading 0 - Pittsfield 4 |
TOP OF THE 9TH |
Reading Phillies batting - Pitching for Pittsfield Colonials : LHP James Rooney
|
Batting: RHB Ricardo Rivera
|
0-0: Ball 1-0: Called Strike 1-1: Swinging Strike 1-2: Ball 2-2: Ball 3-2: Base on Balls
|
Batting: LHB Pedro Rabassa
|
0-0: Called Strike 0-1: Fly out, F8 (Flyball, 8RXD, EV 103.1 MPH)
|
Batting: SHB Doug Baker
|
0-0: Called Strike 0-1: Ball 1-1: Ball 2-1: Foul Ball, location: 2F 2-2: Ball 3-2: Fly out, F9 (Line Drive, 89M, EV 106.9 MPH)
|
Batting: RHB Paul Wirkus
|
0-0: SINGLE (Groundball, 4MD, EV 96.9 MPH) Ricardo Rivera to second
|
Batting: RHB Greg Dahl
|
0-0: Called Strike 0-1: Ball 1-1: Foul Ball, location: 2F 1-2: Ball 2-2: Foul Ball, location: 2F 2-2: Ball 3-2: Fly out, F8 (Flyball, 8RS, EV 73.1 MPH)
|
Top of the 9th over - 0 runs, 1 hit, 0 errors, 2 left on base; Reading 0 - Pittsfield 4 |
|